 Dungeon Crawl Stone Soup version 0.29.0-5-ge4962eb29e (webtiles) character file.

Game seed: 11012352015037561583

2569 Flugkiller the Cleaver (level 9, 0/118 HPs)
             Began as a Minotaur Fighter on Aug 29, 2022.
             Was a Priest of Cheibriados.
             Slain by an eight-headed hydra (13 damage)
             ... on level 8 of the Dungeon.
             The game lasted 00:03:23 (6952 turns).

Flugkiller the Cleaver (Minotaur Fighter)           Turns: 6952, Time: 00:03:23

Health: 0/118      AC:  9    Str: 28    XL:     9   Next: 31%
Magic:  11/11      EV: 12    Int: 12    God:    Cheibriados [***...]
Gold:   428        SH:  6    Dex: 21    Spells: 8/8 levels left

rFire   . . .      SeeInvis .   a - +0 war axe
rCold   . . .      Faith    .   c - +0 buckler
rNeg    . . .      Spirit   .   b - +0 scale mail
rPois   .          Reflect  .   (helmet restricted)
rElec   .          Harm     .   (no cloak)
rCorr   .          Rampage  .   i - +0 pair of gloves
Will    .....                   (no boots)
Stlth   ..........              l - amulet of regeneration
HPRegen 1.09/turn               (no ring)
MPRegen 0.12/turn               (no ring)

@: berserking, very slow
A: horns 2, retaliatory headbutt
a: Renounce Religion, Bend Time, Temporal Distortion


You were on level 8 of the Dungeon.
You worshipped Cheibriados.
Cheibriados was most pleased with you.
You visited 2 branches of the dungeon, and saw 9 of its levels.

You collected 428 gold pieces.

Inventory:

Hand Weapons
 a - a +0 war axe (weapon)
Missiles
 v - 6 silver javelins (quivered)
Armour
 b - a +0 scale mail (worn)
 c - a +0 buckler (worn)
 i - a +0 pair of gloves (worn)
   (You found it on level 5 of the Dungeon)
Jewellery
 l - an amulet of regeneration (around neck)
   (You found it on level 2 of the Dungeon)
Wands
 n - a wand of light (6)
   (You found it on level 3 of the Dungeon)
Scrolls
 e - 2 scrolls of teleportation {unknown}
 h - 3 scrolls of identify {unknown}
 p - 2 scrolls of enchant weapon {unknown}
 r - a scroll of immolation {unknown}
 u - a scroll of fear {unknown}
Potions
 d - a potion of might
 g - 2 potions of degeneration {unknown}
 j - 2 potions of cancellation {unknown}
 k - 2 potions of magic {unknown}
 m - a potion of brilliance {unknown}
 o - a potion of mutation {unknown}
 q - 2 potions of flight {unknown}
 s - 2 potions of heal wounds {unknown}
 t - a potion of attraction {unknown}


   Skills:
 + Level 7.5 Fighting
 * Level 9.8 Axes
 + Level 7.6 Armour
 + Level 3.7 Dodging
 - Level 3.6 Shields
 + Level 4.4 Invocations


You had 8 spell levels left.
You didn't know any spells.
Your spell library was empty.

Dungeon Overview and Level Annotations

Branches:
Dungeon (8/15)             Temple (1/1) D:4
   Lair: D:8-11

Altars:
Ashenzari
Cheibriados
Dithmenos
Elyvilon
Fedhas
Hepliaklqana
Kikubaaqudgha
Makhleb
Nemelex Xobeh
Okawaru
Qazlal
Ru
Sif Muna
Trog
Uskayaw
Vehumet
Wu Jian
Xom
Yredelemnul
Zin
The Shining One

Shops:
D:4 (

Portals:
Bailey: D:8

Annotations:
D:7 1 runed translucent door, Maize's ghost, novice MiFi


Innate Abilities, Weirdness & Mutations

You have a pair of horns on your head.
You reflexively headbutt those who attack you in melee.


Message History

Where to? (Enter - D:7 @ (x,y), ? - help) Maize's ghost says, "Try not to bleed too much."
There is a stone staircase leading down here.
You climb downwards.
You hear the roar of battle.
There is an entrance to a bailey on this level.
Hurry and find it before the portal closes forever!
The gnoll sergeant shouts!
The gnoll shouts! x3
Found four hand axes and a scroll labelled IZOG AWONEONWA.
Found a flagged portal.
There is a stone staircase leading up here.
There are monsters nearby!
There are monsters nearby!
There are monsters nearby!
The centaur wields a +0 shortbow.
The centaur shoots an arrow.
You block the arrow. The gnoll hits you but does no damage.
An eight-headed hydra comes into view.
The centaur shoots an arrow.
You block the arrow.
You closely miss the gnoll.
You headbutt the gnoll, but do no damage.
You completely miss the gnoll.
The centaur shoots an arrow.
The arrow hits you!
The gnoll hits you but does no damage. x2
You slice the gnoll!!
You kill the gnoll!
Cheibriados appreciates the change of pace.
You hit the gnoll.
The centaur shoots an arrow.
The arrow completely misses you. You block the gnoll's attack.
You block the gnoll sergeant's attack.
Your life force feels restored.
You hit the gnoll. You headbutt the gnoll.
You kill the gnoll!
Cheibriados thoroughly appreciates the change of pace.
You hit the gnoll. You hit the centaur.
The centaur unwields a +0 shortbow.
The centaur barely misses you.
The centaur kicks you but does no damage.
The gnoll sergeant barely misses you. You block the gnoll's attack.
You hit the gnoll.
The gnoll is heavily wounded.
You barely miss the centaur.
The centaur hits you but does no damage.
The centaur closely misses you. The gnoll misses you. You furiously retaliate!
You headbutt the gnoll!
You kill the gnoll!
Cheibriados appreciates the change of pace.
You block the gnoll sergeant's attack.
The centaur hits you but does no damage.
The centaur misses you.
You hit the centaur.
The centaur is moderately wounded.
The centaur closely misses you. You furiously retaliate!
You headbutt the centaur!
The centaur kicks you but does no damage.
The gnoll sergeant hits you from afar with a +0 trident.
You barely miss the centaur.
The centaur is severely wounded.
You barely miss the eight-headed hydra. The centaur hits you.
The centaur kicks you.
The eight-headed hydra bites you but does no damage.
The eight-headed hydra bites you! x2; The eight-headed hydra misses you. x2
The eight-headed hydra bites you! The eight-headed hydra bites you. x2
The gnoll sergeant closely misses you. You block the centaur's attack.
The centaur kicks you but does no damage.
You are too injured to fight recklessly!
You are too injured to fight recklessly!
You are too injured to fight recklessly!
You are too injured to fight recklessly!
You are too injured to fight recklessly!
You are too injured to fight recklessly!
You are too injured to fight recklessly!
You are too injured to fight recklessly!
Unknown command.
Okay, then.
A red film seems to cover your vision as you go berserk!
Cheibriados forces you to slow down.
You feel mighty! You block the centaur's attack.
The centaur kicks you but does no damage.
You block the eight-headed hydra's attack.
The eight-headed hydra closely misses you.
The eight-headed hydra barely misses you.
The eight-headed hydra closely misses you.
The eight-headed hydra bites you but does no damage.
The eight-headed hydra bites you.
* * * LOW HITPOINT WARNING * * *
The eight-headed hydra bites you!
* * * LOW HITPOINT WARNING * * *
The eight-headed hydra bites you.
* * * LOW HITPOINT WARNING * * *
The gnoll sergeant hits you from afar with a +0 trident.
* * * LOW HITPOINT WARNING * * *
You barely miss the eight-headed hydra. You barely miss the centaur.
The centaur hits you but does no damage.
You block the centaur's attack.
The eight-headed hydra closely misses you.
You block the eight-headed hydra's attack.
The eight-headed hydra bites you!
* * * LOW HITPOINT WARNING * * *
The eight-headed hydra bites you but does no damage. x2
The eight-headed hydra barely misses you.
The eight-headed hydra bites you but does no damage.
The eight-headed hydra bites you!
You die...

############
..?........#
#........#
###..).....#####
#...)∩D@<.......
#.#..gc)...###.#
#........#
...........#
#.########## #


You could see an eight-headed hydra, a gnoll sergeant and a centaur.

Vanquished Creatures
  The ghost of DevastatorOne the Thaumaturge, a novice DsCj of Gozag (D:6)
  Edmund (D:5)
  An orc warrior (D:7)
  A black bear (D:5)
  An ogre (D:5)
  A centaur (D:5)
  A phantom (D:6)
  A kobold brigand (D:7)
  3 necrophages
  2 scorpions
  A bullfrog (D:6)
  8 wights (D:7)
  A killer bee (D:6)
  A howler monkey (D:4)
  3 jellies (D:5)
  An orc priest (D:7)
  3 hounds
  8 iguanas
  Ijyb (D:5)
  An orc wizard (D:6)
  7 gnolls
  6 adders
  A river rat (D:5)
  A shadow imp (D:4)
  3 ufetubi (D:4)
  4 worms
  5 dart slugs
  12 orcs
  5 ball pythons
  6 bats
  9 endoplasms
  5 giant cockroaches
  10 goblins
  4 hobgoblins
  2 jackals (D:4)
  4 quokkas
  2 frilled lizards (D:1)
  12 kobolds
  9 rats
148 creatures vanquished.

Vanquished Creatures (others)
  10 demonic plants (D:3)
  3 fungi (D:3)
  2 plants (D:3)
  2 withered plants (D:3)
17 creatures vanquished.

Grand Total: 165 creatures vanquished

Notes
Turn   | Place    | Note
-------+----------+-------------------------------------------
     0 | D:1      | Flugkiller the Minotaur Fighter began the quest for the
                  | Orb.
     0 | D:1      | Reached XP level 1. HP: 19/19 MP: 0/0
   341 | D:1      | Reached skill level 3 in Axes
   341 | D:1      | Reached XP level 2. HP: 27/27 MP: 1/1
   702 | D:2      | Reached XP level 3. HP: 18/33 MP: 2/2
  1937 | D:3      | Reached skill level 4 in Axes
  1937 | D:3      | Found a faded altar of an unknown god.
  2062 | D:3      | Reached XP level 4. HP: 41/41 MP: 3/3
  2711 | D:4      | Found a staircase to the Ecumenical Temple.
  2726 | Temple   | Entered the Ecumenical Temple
  2890 | Temple   | Became a worshipper of Cheibriados the Contemplative
  2914 | D:4      | Noticed a scorpion
  2921 | D:4      | Killed a scorpion
  2922 | D:4      | Reached skill level 5 in Axes
  2922 | D:4      | Reached XP level 5. HP: 41/47 MP: 4/4
  3146 | D:4      | Identified the +4 trident of Xuce {venom, MP+9}
  3214 | D:4      | Reached skill level 5 in Fighting
  3214 | D:4      | Reached skill level 5 in Armour
  3358 | D:4      | Reached * piety under Cheibriados
  3451 | D:4      | Reached skill level 1 in Invocations
  3451 | D:4      | Reached XP level 6. HP: 51/56 MP: 5/5
  3500 | D:4      | Reached skill level 6 in Axes
  3521 | D:4      | Found Qoner's Weapon Shop.
  4089 | D:5      | Entered Level 5 of the Dungeon
  4226 | D:5      | Noticed Edmund
  4230 | D:5      | Reached XP level 7. HP: 36/62 MP: 4/7
  4246 | D:5      | Killed Edmund
  4247 | D:5      | Reached skill level 7 in Axes
  4814 | D:5      | Noticed Ijyb
  4835 | D:5      | Killed Ijyb
  4941 | D:5      | Reached skill level 1 in Dodging
  4941 | D:5      | Reached XP level 8. HP: 63/70 MP: 9/9
  5176 | D:5      | Reached ** piety under Cheibriados
  5327 | D:6      | Reached skill level 8 in Axes
  5479 | D:6      | Noticed DevastatorOne's ghost (novice DsCj)
  5480 | D:6      | Found a runed translucent door.
  5627 | D:6      | Found a blossoming altar of Fedhas.
  6077 | D:6      | Killed DevastatorOne's ghost
  6078 | D:6      | Reached skill level 9 in Axes
  6142 | D:7      | Reached XP level 9. HP: 67/78 MP: 11/11
  6205 | D:7      | Found a runed translucent door.
  6254 | D:7      | Found a hazy altar of Hepliaklqana.
  6293 | D:7      | Found an iron altar of Okawaru.
  6410 | D:7      | Reached *** piety under Cheibriados
  6515 | D:7      | Found a stormy altar of Qazlal.
  6866 | D:7      | Noticed Maize's ghost (novice MiFi)
  6943 | D:8      | Found a flagged portal.
  6944 | D:8      | Noticed an eight-headed hydra
  6952 | D:8      | Slain by an eight-headed hydra

Illustrated notes

Levels and vault maps discovered:
D:1:      lightli_arrival_farm, layout_rooms
D:2:      layout_basic, serial_curves, eino_curves_02, eino_curves_02,
          eino_curves_01, eino_curves_03
D:3:      layout_basic, shapermc_ecumenical_altar_gd
D:4:      layout_layer_cave, minmay_temple_entry_hall, serial_shops,
          nicolae_shop_hallway_stairs
D:5:      layout_cave_pools, gup_sewer_entry_bowl, uniq_ijyb, uniq_edmund
D:6:      layout_loops_ring, fedhas_altar_4, hellmonk_ghost_happy_afterlife,
          minmay_puff
D:7:      layout_basic, nicolae_qazlal_style_of_elements,
          grunt_temple_overflow_open, ebering_ghost_reflecting_pool
D:8:      layout_loops_cross, enter_bailey_2, serial_demonic, serial_demonic_b,
          serial_demonic_c, serial_demonic_g, serial_demonic_e,
          nicolae_stop_n_shop_1
Temple:   nicolae_temple_bog_church

Skill      XL: |  1  2  3  4  5  6  7  8 |
---------------+-------------------------+-----
Axes           | 3 4 5 6 7 9 |  9.8
Fighting       | 4 5 6 7 |  7.5
Armour         | 4 5 6 7 |  7.6
Invocations    | 1 2 4 |  4.4
Dodging        | 1 3 |  3.7
Shields        | |  3.6

Action                   |  1- 3 |  4- 6 |  7- 9 || total
-------------------------+-------+-------+-------++-------
Melee: War axe           |    97 |   121 |   165 ||   383
       Headbutt          |    12 |    14 |    35 ||    61
  Use: Scroll            |       |       |     6 ||     6
       Potion            |       |       |     2 ||     2
Armor: Scale mail        |    38 |    42 |    74 ||   154
Dodge: Dodged            |    49 |    55 |   105 ||   209
Block: Buckler           |    26 |    29 |    50 ||   105
